 Dungeon Crawl Stone Soup version 0.30.1-11-g7821555f0a (webtiles) character file.

Game seed: 12960691840606664082

28 lonewolfV2 the Trooper (level 3, 0/29 HPs)
             Began as a Demonspawn Fighter on Oct 27, 2023.
             Slain by a ball python (2 damage)
             ... on level 2 of the Dungeon on Oct 30, 2023.
             The game lasted 00:02:47 (1104 turns).

lonewolfV2 the Trooper (Demonspawn Fighter)         Turns: 1104, Time: 00:02:48

Health: 0/29       AC:  7    Str: 18    XL:     3   Next: 0%
Magic:  4/4        EV:  6    Int:  9    God:
Gold:   60         SH:  4    Dex: 12    Spells: 2/2 levels left

rFire   . . .        a - +0 war axe
rCold   . . .        c - +0 buckler
rNeg    . . .        b - +0 scale mail
rPois   .            (no helmet)
rElec   .            g - +0 cloak
rCorr   .            (no gloves)
SInv    .            (no boots)
Will    .....        (no amulet) Stlth
                     (no ring)
HPRegen 0.24/turn    (no ring)
MPRegen 0.09/turn

%: no passive effects
@: constricted
A: demonic magic 1, demonic touch 1
a: no special abilities


You were on level 2 of the Dungeon.
You visited 1 branch of the dungeon, and saw 2 of its levels.

You collected 60 gold pieces.

Inventory:

Hand Weapons
 a - a +0 war axe (weapon)
Armour
 b - a +0 scale mail (worn)
 c - a +0 buckler (worn)
 g - a +0 cloak (worn)
Scrolls
 e - a scroll of blinking
Potions
 d - 2 potions of might
 f - a potion of curing {unknown}
 h - a potion of magic {unknown}
 i - a potion of brilliance
 k - a potion of degeneration {unknown}


   Skills:
 - Level 3.0 Fighting
 - Level 1.7 Axes
 + Level 3.0 Armour
 * Level 1.3 Dodging
 + Level 2.9 Shields
 + Level 1.3 Invocations


You had 2 spell levels left.
You didn't know any spells.
Your spell library contained the following spells:

 Spells                   Type           Power      Damage    Failure   Level
 Animate Dead             Necr           0%         N/A       100%        4
 Haunt                    Necr/Summ      0%         N/A       100%        7
 Infestation              Necr           0%         N/A       100%        8


Dungeon Overview and Level Annotations

Branches:
Dungeon (2/15)

Altars:

Shops:
D:2 (


Innate Abilities, Weirdness & Mutations

Spells you cast may paralyse adjacent enemies.
Your touch may inflict minor irresistible damage on your foes.


Message History

The ball python bites you but does no damage.
The ball python constricts you.
The ball python bites you but does no damage.
The ball python constricts you.
The ball python bites you but does no damage.
The ball python constricts you.
* * * LOW HITPOINT WARNING * * *
The ball python barely misses you. The ball python constricts you.
* * * LOW HITPOINT WARNING * * *
The ball python closely misses you. The ball python constricts you.
* * * LOW HITPOINT WARNING * * *
The ball python bites you but does no damage.
The ball python constricts you.
The ball python bites you but does no damage.
The ball python constricts you.
* * * LOW HITPOINT WARNING * * *
The ball python barely misses you. The ball python constricts you.
The ball python bites you but does no damage.
The ball python constricts you. The ball python closely misses you.
The ball python constricts you.
The ball python bites you but does no damage.
The ball python constricts you.
The ball python bites you but does no damage.
The ball python constricts you.
The ball python bites you but does no damage.
The ball python constricts you.
* * * LOW HITPOINT WARNING * * *
The ball python barely misses you. The ball python constricts you.
The ball python bites you but does no damage.
The ball python constricts you. The ball python completely misses you.
The ball python constricts you.
The ball python bites you but does no damage.
The ball python constricts you.
The ball python bites you but does no damage.
The ball python constricts you. The ball python bites you.
* * * LOW HITPOINT WARNING * * *
The ball python constricts you. The ball python bites you.
You die...

..# #.# #.#
##.# #..# #..#
#.S## #.@.#
#.#.# #.#.#
#[#.# #.#.#
#########
#.#.#
#.)......
..#.#
#.#######
####.######
#.#
#####.....#...


You could see a ball python.

Vanquished Creatures
  A dart slug (D:1)
  3 ball pythons
  2 bats (D:1)
  3 endoplasms
  4 jackals (D:1)
  2 kobolds (D:1)
  3 quokkas
  2 frilled lizards
  A goblin (D:2)
  3 rats (D:1)
24 creatures vanquished.

Notes
Turn   | Place    | Note
-------+----------+-------------------------------------------
     0 | D:1      | lonewolfV2 the Demonspawn Fighter began the quest for the
                  | Orb.
     0 | D:1      | Reached XP level 1. HP: 18/18 MP: 1/1
   198 | D:1      | Gained mutation: Spells you cast may paralyse adjacent
                  | enemies. [demonic ancestry]
   198 | D:1      | Reached XP level 2. HP: 24/24 MP: 2/2
   251 | D:1      | Reached skill level 1 in Dodging
   314 | D:1      | Reached skill level 1 in Invocations
   841 | D:2      | Found Yzusiegg's Weapon Boutique.
   879 | D:2      | Gained mutation: Your touch may inflict minor irresistible
                  | damage on your foes. [demonic ancestry]
   879 | D:2      | Reached XP level 3. HP: 29/29 MP: 2/4
  1104 | D:2      | Slain by a ball python

Illustrated notes

Levels and vault maps discovered:
D:1:      dpeg_arrival_arbitrary_b, layout_loops_ring, minmay_misc_feat_ornament
D:2:      layout_loops_ring, serial_shops, shop

Skill      XL: |  1  2 |
---------------+-------+-----
Dodging        | 1 |  1.3
Invocations    | 1 |  1.3
Armour         | 3 |  3.0
Fighting       | |  3.0
Axes           | |  1.7
Shields        | |  2.9

Action                     || total
---------------------------++-------
  Melee: War axe           ||    50
    Use: Scroll            ||     4
 Armour: Scale mail        ||    97
  Dodge: Dodged            ||    67
  Block: Buckler           ||    35
